[Event "Mitropa Cup Women 2022"]
[Site "Corte"]
[Date "2022.05.05"]
[Round "6.4"]
[White "Buchholz, Maja"]
[Black "Vujnovic, Patricija"]
[Result "1-0"]
[ECO "A00"]
[WhiteElo "1945"]
[BlackElo "2108"]
[Annotator "TA"]
[PlyCount "65"]
[EventDate "2022.04.30"]
[EventType "team-tourn"]
[EventCountry "FRA"]
[SourceTitle "playchess.com"]
[Source "ChessBase"]
[SourceQuality "1"]
[WhiteTeam "Germany"]
[BlackTeam "Croatia"]
[WhiteTeamCountry "GER"]
[BlackTeamCountry "CRO"]
[TimeControl "40/5400+30:1800+30"]

1. Nc3 c5 2. e4 e6 3. g3 Nc6 4. Bg2 g6 5. Nge2 Bg7 6. O-O Nge7 7. f4 d6 8. d3 Rb8 {[%emt 0:01:19] B25: Closed Sicilian: 3 g3, lines without early Be3.} 9. Be3 Nd4 10. Rb1 Nec6 {[%emt 0:02:55] The position is equal.} 11. a3 {[%emt 0:07:28] [#]} b5 $146 (11... O-O $11) ({Predecessor:} 11... a5 12. Bf2 h5 13. h3 b5 14. Nxd4 Nxd4 15. Ne2 b4 16. Nxd4 cxd4 17. axb4 axb4 {½-½ (33) Mosquera Cayon,D-Flores Lambert,Y (2013) Guantanamo 2009}) 12. b4 (12. e5 $5) 12... cxb4 13. axb4 O-O 14. g4 a5 15. bxa5 b4 16. Na2 Qxa5 17. Nac1 Bd7 18. Ng3 (18. h3 $11 {remains equal.}) 18... Nb5 19. Nce2 (19. Nb3 $17 {was called for.} Qa2 20. Qd2) 19... Nc3 (19... Na3 $19 {and Black stays clearly on top.} 20. Rc1 Bb2) 20. Nxc3 $17 bxc3 21. Ra1 Qc7 (21... Qd8 $15) 22. f5 $11 exf5 23. gxf5 Rfe8 24. Qg4 d5 (24... Nd4 $15 25. Rf2 Nxf5 $1 26. exf5 Rxe3) 25. Qh4 (25. exd5 $5 Rxe3 26. dxc6 Bxc6 27. fxg6 hxg6 28. Bxc6 $11) 25... Rb2 26. Rf2 ({Better is} 26. exd5 $11 Rxe3 27. dxc6 Bxc6 28. fxg6 hxg6 29. Qc4) 26... dxe4 (26... Ne5 $15) 27. f6 exd3 $2 28. fxg7 $18 {[%emt 0:01:44] Really sharp!} Rxe3 $2 {[%emt 0:00:32] [#]} (28... Rxc2 29. Ne4 (29. Rxc2 Rxe3 30. Rf2 d2 $16) 29... Rxf2 30. Qxf2 (30. Bxf2 Rxe4 31. Bxe4 d2 $16) 30... Rxe4 31. Bxe4 d2) 29. Rxf7 $3 {[%emt 0:01:25][%mdl 512] White threatens Qf6 and mate.} Rxg3 (29... Nd8 30. Rf8+) 30. hxg3 {[%emt 0:02:25] Threatening mate with Qf6.} (30. Qxg3 $2 {is the wrong capture.} Qxg3 31. Ra8+ Nb8 32. hxg3 Kxf7 $19) 30... Kxf7 31. Qxh7 {[%emt 0:00:16] White mates.} Qb6+ 32. Kh2 Ne7 33. g8=Q+ {[%emt 0:00:17] Quite a comeback for White.  Weighted Error Value: White=0.25 (precise) /Black=0.53} 1-0

[Event "Mitropa Cup Women 2022"]
[Site "Corte"]
[Date "2022.05.05"]
[Round "6.5"]
[White "Borosova, Zuzana"]
[Black "Gaal, Zsoka"]
[Result "1/2-1/2"]
[ECO "B47"]
[WhiteElo "2265"]
[BlackElo "2323"]
[Annotator "TA"]
[PlyCount "81"]
[EventDate "2022.04.30"]
[EventType "team-tourn"]
[EventCountry "FRA"]
[SourceTitle "playchess.com"]
[Source "ChessBase"]
[SourceQuality "1"]
[WhiteTeam "Slovakia"]
[BlackTeam "Hungary"]
[WhiteTeamCountry "SVK"]
[BlackTeamCountry "HUN"]
[TimeControl "40/5400+30:1800+30"]

1. e4 c5 2. Nf3 e6 3. d4 cxd4 4. Nxd4 Nc6 5. Nc3 Qc7 6. g3 a6 7. Bg2 Bc5 8. Nb3 {[%emt 0:04:41] B47: Sicilian: Taimanov: 5 Nc3 Qc7 6 f4, 6 g3 and 6 Be2.} Be7 9. O-O Nf6 10. a4 {[%emt 0:07:31] White is slightly better.} O-O 11. a5 {[%emt 0:15:24] [#]} b5 $146 ({Predecessor:} 11... Bb4 12. Ra4 Bxa5 13. Nxa5 Nxa5 14. Bf4 e5 15. Bg5 b5 16. Bxf6 gxf6 17. Nd5 Qd8 18. Qd2 Bb7 19. Rxa5 {1-0 (19) Stevanovic,N (2034)-Bayani,K (1979) Pretoria 2018}) 12. axb6 $1 Qxb6 13. e5 Ne8 14. Be3 Qc7 {[%emt 0:02:43] [#]} 15. Na5 $1 {[%emt 0:22:11] White is much more active.} Rb8 {[%emt 0:03:38] Against Nb5} (15... Nxa5 16. Bxa8) 16. Nxc6 dxc6 17. Na4 c5 18. Qd3 Bd7 19. Rfd1 Bxa4 20. Rxa4 {[%emt 0:00:01] Threatens to win with Qc3.} Rd8 21. Qe2 {[%emt 0:01:30] Strongly threatening Rxd8.} Rxd1+ 22. Qxd1 Qxe5 23. Rxa6 {[%emt 0:04:12] With the idea Qd7.} Nf6 {[%emt 0:03:40] Against Qd7} 24. c3 Nd5 25. Bd2 Rd8 26. Qe1 Qb8 (26... Qh5 $11) 27. Bxd5 $16 Rxd5 {[%emt 0:01:23] [#]} 28. c4 (28. Rxe6 $1 $16 Bf8 29. Re8) 28... Rd8 29. Bc3 Qb3 {[%emt 0:00:42] White must now prevent ...Rd1.} 30. Qe4 h5 31. Kg2 Qd1 32. Ra7 Rd7 33. Ra8+ Rd8 34. Rxd8+ (34. Qe5 $5 Bf6 35. Rxd8+ Qxd8 36. Qxh5 $16 (36. Qxc5 Bxc3 37. bxc3 Qa8+ 38. f3 Qa2+ 39. Kg1 Qa1+ 40. Kg2 Qa2+ 41. Kh3 Qe2 $11)) 34... Qxd8 $14 {[%emt 0:00:50][%mdl 4096] Endgame KQB-KQB. The position is equal.} 35. Qe5 Qa8+ 36. Kh3 Bf6 37. Qxc5 {[%emt 0:00:19] Hoping for Bxf6.} Bxc3 38. bxc3 Qf3 39. Qe3 Qg4+ 40. Kg2 {[%emt 0:00:04] aiming for Qd4.} Qxc4 41. h4 {[%emt 0:03:10] Weighted Error Value: White=0.09 (flawless) /Black=0.13 (very precise)} 1/2-1/2

[Event "Mitropa Cup Women 2022"]
[Site "Corte"]
[Date "2022.05.05"]
[Round "6.5"]
[White "Trippold, Denise"]
[Black "Movsesian, Julia"]
[Result "1-0"]
[ECO "A06"]
[WhiteElo "2147"]
[BlackElo "2313"]
[Annotator "TA"]
[PlyCount "87"]
[EventDate "2022.04.30"]
[EventType "team-tourn"]
[EventCountry "FRA"]
[SourceTitle "playchess.com"]
[Source "ChessBase"]
[SourceQuality "1"]
[WhiteTeam "Austria"]
[BlackTeam "Czech Republic"]
[WhiteTeamCountry "AUT"]
[BlackTeamCountry "CZE"]
[TimeControl "40/5400+30:1800+30"]

1. Nf3 d5 2. c4 e6 3. e3 Nf6 4. Nc3 Be7 5. b3 b6 6. cxd5 {[%emt 0:01:20] A17: English Opening: 1...Nf6 with ...Bb4.} exd5 7. Bb2 O-O 8. g3 {[%emt 0:04:25] The position is equal.} c5 9. d4 Bb7 (9... Ne4 {looks sharper.} 10. Rc1 Nc6 11. Bb5 Nb4) 10. Bg2 Ba6 11. Ne2 {[%emt 0:03:33] [#]} cxd4 $146 ({Predecessor:} 11... Nc6 12. a3 cxd4 13. exd4 Re8 14. Ne5 Nxe5 15. dxe5 Bd6 16. f4 Rc8 17. Bf3 Bc5 18. exf6 {1-0 (33) Mejia,D (1837)-Izaba,R (2120) Managua 2016}) 12. Nfxd4 Bb4+ $1 13. Bc3 Bxc3+ 14. Nxc3 Qd7 15. Nce2 Nc6 16. Nxc6 Qxc6 17. O-O Rad8 18. Nd4 Qd7 19. Re1 Ne4 20. Rc1 Rc8 21. f3 {[%emt 0:24:00] [#] Black must now prevent Rxc8.} Nf6 22. Qd2 h6 23. Bf1 Bxf1 24. Rxf1 Rfe8 25. Rxc8 Rxc8 26. Rc1 Rc5 27. Rc2 Qc8 28. Kg2 Ne8 29. Qd3 Nd6 30. g4 g6 31. Rxc5 Qxc5 $11 {[%emt 0:00:17][%mdl 4096] Endgame KQN-KQN} 32. Ne2 Ne8 33. h4 Qe7 34. Kh3 Nf6 35. Qd4 Ne8 36. Nf4 Nc7 37. Kg3 (37. h5 $14) 37... Qa3 38. Qf6 $36 {[%emt 0:00:29][%mdl 2048] Qd8+ is the strong threat. White has the initiative.} Qc1 $1 39. h5 Qe1+ {[%emt 0:03:24] [#]} (39... g5 $1 $11 {remains equal.} 40. Qd8+ Kg7) 40. Kg2 {[%emt 0:00:19] White is more active.} (40. Kh2 $1 $16 Ne8 41. Qe5) 40... gxh5 (40... Ne8 $2 41. Qe5 Kf8 42. Qh8+ (42. Nxd5 Qe2+ 43. Kg3 Qe1+ 44. Kf4 g5+ 45. Ke4 Qb1+ 46. Kd4 Qb2+ 47. Nc3 f6 $16) 42... Ke7 43. hxg6 Qd2+ 44. Kf1 Qd1+ 45. Kg2 Qd2+ 46. Kf1 Qc1+ 47. Kf2 Qd2+ 48. Kf1 $18) (40... Qd2+ $11 41. Kg3 g5) 41. Qd8+ $18 {[%emt 0:07:53] White is clearly winning.} Kg7 42. Nxh5+ Kh7 43. Qxc7 Qe2+ 44. Kg3 {[%emt 0:00:22] Weighted Error Value: White=0.11 (very precise) /Black=0.12 (very precise)} 1-0

[Event "Mitropa Cup Women 2022"]
[Site "Corte"]
[Date "2022.05.05"]
[Round "6.6"]
[White "Terbe, Zsuzsanna"]
[Black "Nadzamova, Viktoria"]
[Result "1-0"]
[ECO "E20"]
[WhiteElo "2183"]
[BlackElo "2135"]
[Annotator "TA"]
[PlyCount "81"]
[EventDate "2022.04.30"]
[EventType "team-tourn"]
[EventCountry "FRA"]
[SourceTitle "playchess.com"]
[Source "ChessBase"]
[SourceQuality "1"]
[WhiteTeam "Hungary"]
[BlackTeam "Slovakia"]
[WhiteTeamCountry "HUN"]
[BlackTeamCountry "SVK"]
[TimeControl "40/5400+30:1800+30"]

1. d4 Nf6 2. c4 e6 3. Nc3 Bb4 4. Bd2 O-O 5. e3 b6 6. Bd3 Bb7 7. Nf3 d5 8. cxd5 {[%emt 0:00:27] The main line 8.cxd5 scores better than 8.0-0.} exd5 9. O-O Nbd7 10. Ne5 {[%emt 0:05:09] E52: Nimzo-Indian: Rubinstein: 4...0-0 5 Nf3 d5 6 Bd3 b6.} Bd6 11. f4 Ne4 12. Rc1 (12. Nxe4 $14 dxe4 13. Bc4) 12... a6 13. Be1 {[%emt 0:03:34] [#]} f6 $146 (13... Qe8 $14) ({Predecessor:} 13... Ndf6 14. Bh4 Qe8 15. Qf3 c5 16. Bxf6 Nxf6 17. g4 Rd8 18. Rcd1 g6 19. g5 Nh5 {½-½ (32) Giri,A (2764)-Radjabov,T (2765) chess24.com INT 2020}) 14. Bxe4 $18 fxe5 $2 (14... dxe4 15. Qb3+ Kh8) 15. Bxd5+ $2 (15. Nxd5 $18 exd4 16. Qh5 (16. Qxd4 Bc5 $16)) 15... Bxd5 $16 16. Nxd5 exf4 (16... exd4 $16 {was necessary.} 17. exd4 (17. Qxd4 Bc5 $16) 17... Kh8) 17. Nxf4 ({Much less strong is} 17. exf4 $6 Rc8 $16) (17. e4 $1 $18 {and the rest is easy.}) 17... Qe7 18. Qb3+ Kh8 (18... Qf7 $142) 19. Bg3 {[%emt 0:01:57] White is more active.} Qe4 20. Ne2 Qg4 (20... Nf6 $16) 21. Qd3 (21. Bxd6 $18 cxd6 22. Rxf8+ Rxf8 23. Nf4) 21... Bxg3 (21... Rxf1+ $16 {was called for.} 22. Rxf1 Nf6 23. Bxd6 cxd6) 22. Nxg3 c5 23. dxc5 ({Better is} 23. Rxf8+ $1 $18 Rxf8 24. dxc5 bxc5 25. Qxa6) 23... Nxc5 (23... Rxf1+ $16 24. Rxf1 (24. Qxf1 Nxc5 25. Qf3 Qxf3 $16) 24... Nxc5) 24. Qd6 (24. Rxf8+ $18 Rxf8 25. Qd6) 24... Rxf1+ 25. Rxf1 {[%emt 0:00:39][%cal Od6f8] Qf8+! would kill now.} Qe6 26. Qxe6 Nxe6 {[%emt 0:00:02][%mdl 4096] Endgame KRN-KRN} 27. Rd1 Rd8 {[%emt 0:00:51] Inhibits Rd6.} (27... b5 $16 28. Ne4 Kg8) 28. Rxd8+ $18 Nxd8 {[%emt 0:00:02] KN-KN} 29. Kf2 Nc6 (29... Kg8 $142 30. Ne4 Nc6) 30. Ke2 Kg8 31. Kd3 $1 Nb4+ 32. Kc4 $1 Nc2 33. Nf5 {[%emt 0:06:54] And now Kc3 would win.} g6 $2 (33... Ne1 {keeps fighting.} 34. g3 Kf7) 34. Kc3 Ne1 {[%emt 0:00:26] [#]} (34... gxf5 $142 35. Kxc2 Kf8) 35. Nh4 $1 {[%emt 0:00:20] White is clearly winning.} g5 {[%emt 0:01:23] [#]} 36. Kd2 $1 gxh4 (36... Nxg2 37. Nxg2) 37. Kxe1 Kf7 38. Kf2 Ke6 39. e4 Ke5 40. Ke3 b5 41. b4 {[%emt 0:30:16] Weighted Error Value: White=0.49/Black=0.82} 1-0

[Event "Mitropa Cup Women 2022"]
[Site "Corte"]
[Date "2022.05.05"]
[Round "6.6"]
[White "Nemcova, Karin"]
[Black "Hapala, Elisabeth"]
[Result "0-1"]
[ECO "A45"]
[WhiteElo "2181"]
[BlackElo "2116"]
[Annotator "TA"]
[PlyCount "96"]
[EventDate "2022.04.30"]
[EventType "team-tourn"]
[EventCountry "FRA"]
[SourceTitle "playchess.com"]
[Source "ChessBase"]
[SourceQuality "1"]
[WhiteTeam "Czech Republic"]
[BlackTeam "Austria"]
[WhiteTeamCountry "CZE"]
[BlackTeamCountry "AUT"]
[TimeControl "40/5400+30:1800+30"]

1. d4 Nf6 2. Bf4 e6 3. e3 c5 4. Nf3 cxd4 5. exd4 b6 6. Bd3 {[%emt 0:01:02] A46: 1 d4 Nf6 2 Nf3 e6: Torre, London and Colle Systems.} Be7 7. O-O O-O 8. Ne5 {[%emt 0:03:32] The position is equal.} Bb7 9. Nd2 d6 {[%emt 0:00:22] [#]} 10. Nef3 $146 ({Predecessor:} 10. Ng4 Nbd7 11. Re1 Nxg4 12. Qxg4 f5 13. Qe2 Rf6 14. Bg5 Rg6 15. Bxe7 Rxg2+ 16. Kf1 Qxe7 {0-1 (26) Cedeno,R-Garcia S,J (1939) Neiva 2011}) 10... Ba6 11. c4 Nc6 12. Qa4 Bb7 13. Rfe1 d5 14. Rad1 Nb4 15. Be2 ({White should try} 15. Qb3) 15... dxc4 $17 16. Nxc4 {[%emt 0:00:45] [#]} (16. Bxc4 $17 Nfd5 17. Bg3) 16... Nbd5 $2 (16... a6 $1 $19 {White must now prevent ...Bxf3.} 17. Qb3 b5) 17. Be5 Qd7 18. Qb3 Rfd8 19. Bd3 (19. Bg3 $11) 19... Rac8 $15 20. Bb1 Ba6 21. Nfd2 Bb4 22. Bxf6 Bxd2 23. Ne5 Qb5 24. Qh3 Nxf6 $17 {[%emt 0:00:30] Dancing on a razor blade.} 25. Rxd2 Qb4 26. Nf3 Bb7 {[%emt 0:01:18] [#] ...Bxf3 is the strong threat.} 27. a3 Qa5 {[%emt 0:00:16] Strongly threatening ...Bxf3.} 28. Red1 $1 Qh5 29. Qxh5 Nxh5 30. Ng5 h6 31. Be4 Bd5 32. Bxd5 {[%emt 0:00:44][%cal Od5f3] Threatens to win with Bf3!} Rxd5 33. Ne4 Rd7 34. g3 Rcd8 35. f4 f5 36. Nc3 Nf6 37. Kf2 Kf7 38. Kf3 g5 39. h3 a6 40. g4 gxf4 (40... Rd6 $15) 41. Kxf4 ({White should play} 41. gxf5 $11 e5 42. Rd3) 41... fxg4 $15 42. hxg4 Rg8 43. Rg1 h5 44. g5 Nd5+ (44... Ng4 $1 $15 45. Ne4 Rf8) 45. Nxd5 Rxd5 46. Rc2 ({Better is} 46. Rf2 $15) 46... Rf5+ 47. Ke4 Rgxg5 ({And not} 47... Rfxg5 48. Rf1+ Ke7 49. Rc7+ Kd6 50. Rff7 Rg4+ 51. Kd3 $17) 48. Rxg5 Rxg5 {[%emt 0:00:00] Weighted Error Value: White=0.19 (very precise) /Black=0.15 (very precise)} 0-1

[Event "Mitropa Cup Women 2022"]
[Site "Corte"]
[Date "2022.05.05"]
[Round "6.7"]
[White "Mayrhuber, Nikola"]
[Black "Sikorova, Olga"]
[Result "0-1"]
[ECO "E20"]
[WhiteElo "2086"]
[BlackElo "2173"]
[Annotator "TA"]
[PlyCount "84"]
[EventDate "2022.04.30"]
[EventType "team-tourn"]
[EventCountry "FRA"]
[SourceTitle "playchess.com"]
[Source "ChessBase"]
[SourceQuality "1"]
[WhiteTeam "Austria"]
[BlackTeam "Czech Republic"]
[WhiteTeamCountry "AUT"]
[BlackTeamCountry "CZE"]
[TimeControl "40/5400+30:1800+30"]

1. d4 Nf6 2. c4 e6 3. Nc3 Bb4 4. Bd2 O-O 5. e3 b6 6. Nf3 Bb7 7. Bd3 Bxc3 8. Bxc3 Ne4 9. Bxe4 {[%emt 0:02:01] 9.Bxe4 scores better than 9.Rc1. E21: Nimzo-Indian: 4 Nf3.} Bxe4 10. d5 c5 {[%emt 0:01:35] Prevents Qd4.} 11. Nd2 $1 {[%emt 0:13:33] White is slightly better.} Bg6 12. h4 exd5 13. cxd5 f6 14. h5 Bd3 {[%emt 0:01:21] [#]} 15. Nf3 $146 ({Predecessor:} 15. h6 g6 16. Qf3 d6 17. Ne4 Nd7 18. Ng3 Ne5 19. Bxe5 fxe5 20. Qg4 Qe7 21. O-O-O {0-1 (30) Shcherbine,A (2171)-Real de Azua,E (2445) Buenos Aires 2009}) 15... c4 16. Nd4 (16. b3 $16) 16... Qe7 $11 17. Qf3 Na6 18. Nf5 Bxf5 19. Qxf5 Nc5 20. Rh4 Nd3+ 21. Kf1 b5 22. Re4 (22. d6 $14 Qe6 23. Qxb5) 22... Qd6 23. Rg4 Ne5 24. Bxe5 (24. Rg3 $11 {feels stronger.}) 24... fxe5 $15 25. Qg5 {[%emt 0:00:07] [#]} (25. Qe4 $11 {keeps the balance.}) 25... Rf7 $1 $17 {[%emt 0:01:25] Active counter play!} 26. a4 Qxd5 (26... Raf8 $17 {Threatens to win with ...h6.} 27. Kg1 a6) 27. Kg1 $15 b4 {[%emt 0:01:33] White must now prevent ...c3.} 28. Rd4 {[%emt 0:01:10] Now White is beyond hope.} Qe6 $19 29. Re4 (29. Rd2 $142) 29... d6 30. Rc1 Rc8 31. Qh4 d5 32. Rg4 a5 33. Rg5 c3 34. bxc3 bxc3 35. Qg3 Re7 36. h6 g6 ({Worse is} 36... Qxh6 37. Rxe5 Rxe5 38. Qxe5 $17) 37. f4 exf4 38. exf4 (38. Qxf4 {was the only chance.} c2 39. Kh2) 38... d4 {[%emt 0:03:49][%cal Bd5d4,Bd4d3][%mdl 32] [#] Strongly threatening ...Qe4.} 39. Re5 {[%emt 0:01:11] Inhibits Qe4.} Qd6 {[%emt 0:01:05] Hoping for ...Rce8.} 40. Qg4 (40. Rxe7 $142 Qxe7 41. Qd3) 40... Rce8 41. Rxa5 d3 {[%emt 0:03:02] ( -> ...d2)} 42. Re5 Qd4+ {[%emt 0:03:03] Weighted Error Value: White=0.75/Black=0.18 (very precise)} 0-1

[Event "Mitropa Cup Women 2022"]
[Site "Corte"]
[Date "2022.05.05"]
[Round "6.7"]
[White "Sankova, Stella"]
[Black "Mihok-Juhasz, Barbara"]
[Result "1/2-1/2"]
[ECO "B40"]
[WhiteElo "2055"]
[BlackElo "2202"]
[Annotator "TA"]
[PlyCount "83"]
[EventDate "2022.04.30"]
[EventType "team-tourn"]
[EventCountry "FRA"]
[SourceTitle "playchess.com"]
[Source "ChessBase"]
[SourceQuality "1"]
[WhiteTeam "Slovakia"]
[BlackTeam "Hungary"]
[WhiteTeamCountry "SVK"]
[BlackTeamCountry "HUN"]
[TimeControl "40/5400+30:1800+30"]

1. e4 c5 2. Nf3 e6 3. c3 d5 4. exd5 Qxd5 5. Na3 Nc6 6. d4 Nf6 7. Be3 {[%emt 0:00:54] With the idea Nb5.} cxd4 {[%emt 0:00:35] [#] B22: Sicilian: 2 c3.} 8. Nb5 $1 {[%emt 0:00:27] Hoping for Nc7+.} Qd8 {[%emt 0:00:05] Prevents Nc7+.} (8... Qd7 9. Nbxd4) 9. Nbxd4 Nd5 {[%emt 0:00:05] 9...Nd5 is better than 9...Nxd4.} 10. Nxc6 bxc6 11. Bd2 Bb7 12. Qc2 Be7 13. Bd3 h6 {[%emt 0:00:04] [#]} 14. O-O $146 ({Predecessor:} 14. O-O-O Qc7 15. Rhe1 O-O 16. g4 c5 17. Bh7+ Kh8 18. Be4 Rad8 19. Kb1 Nf6 20. Bxb7 Qxb7 {0-1 (40) Srinath,R (2341)-Juhasz,B (2207) Budapest 2022}) 14... Qc7 15. c4 Nf4 16. Bxf4 (16. Bc3 $5 ) 16... Qxf4 17. c5 Rd8 18. b4 O-O (18... Qxb4 $2 19. Rab1 Qa3 20. Rb3 (20. Rxb7 Qxd3 21. Qxd3 Rxd3 $16) 20... Qxc5 21. Rxb7 $18) 19. Rfd1 Bc8 (19... Qxb4 $2 20. Rab1 Qxc5 21. Rxb7 $18) 20. a3 Qc7 21. Bc4 Bf6 22. Rxd8 Rxd8 23. Rd1 Rxd1+ 24. Qxd1 Qd7 25. Qe2 e5 (25... a5 $11) 26. h3 $14 {[%emt 0:04:33] White is more active.} ({Don't go for} 26. Nxe5 $2 Bxe5 27. Qxe5 Qd1+ 28. Bf1 Ba6 29. Qe8+ Kh7 30. Qe4+ g6 $19) 26... Qf5 27. Bd3 Qf4 28. Qe4 Qxe4 29. Bxe4 {[%emt 0:00:03][%mdl 4096] Endgame KBB-KBN. The position is equal.} Bd7 30. Kf1 g6 31. a4 Bg7 32. Bd3 f5 33. Bc4+ Kf8 34. b5 cxb5 35. axb5 e4 36. Nd2 Ke7 37. Ke2 Be5 38. f3 exf3+ 39. Nxf3 Bb8 40. Kd3 g5 41. Kd4 Kf6 42. Bd3 {[%emt 0:00:00] Weighted Error Value: White=0.06 (flawless) /Black=0.06 (flawless)} 1/2-1/2

[Event "Mitropa Cup Women 2022"]
[Site "Corte"]
[Date "2022.05.05"]
[Round "6.8"]
[White "Demeter, Dorina"]
[Black "Sevcikova, Lucia"]
[Result "1-0"]
[ECO "D43"]
[WhiteElo "2235"]
[BlackElo "2019"]
[Annotator "TA"]
[PlyCount "87"]
[EventDate "2022.04.30"]
[EventType "team-tourn"]
[EventCountry "FRA"]
[SourceTitle "playchess.com"]
[Source "ChessBase"]
[SourceQuality "1"]
[WhiteTeam "Hungary"]
[BlackTeam "Slovakia"]
[WhiteTeamCountry "HUN"]
[BlackTeamCountry "SVK"]
[TimeControl "40/5400+30:1800+30"]

1. Nf3 d5 2. d4 Nf6 3. c4 c6 4. Nc3 e6 5. Bg5 h6 6. Bxf6 Qxf6 7. e3 Nd7 8. Bd3 dxc4 9. Bxc4 Qd8 {[%emt 0:00:39] D43: Semi-Slav: 5 Bg5 h6.} 10. O-O Bd6 11. e4 O-O {[%emt 0:06:13] The position is equal.} 12. Qe2 {[#]} (12. e5 $14 Nb6 13. Bb3 (13. exd6 Nxc4 14. d7 Bxd7 $15)) 12... Re8 $146 (12... b5 $11 {keeps the balance.} 13. Bb3 b4) ({Predecessor:} 12... e5 13. Rad1 exd4 14. Nxd4 Ne5 15. Bb3 Qh4 16. g3 Qh3 17. f3 Rd8 18. Qg2 Bc5 {1-0 (31) Belukhin,I (2270)-Novitzkij,D (2395) St Petersburg 2002}) 13. Rad1 Qc7 14. Bb3 ({White should play} 14. e5 $16 Be7 15. Qe4) 14... b6 (14... e5 $11) 15. e5 $14 Be7 16. Nd2 b5 17. f4 {[%emt 0:04:43] Threatens to win with f5.} Nb6 18. Bc2 b4 {[%emt 0:06:07] [#]} 19. Qd3 {[%emt 0:07:23] Intending Qh7+ and mate.} g6 20. Nce4 a5 21. Qh3 Kg7 22. Nf6 {[%emt 0:06:28] Pair of Knights!} Rh8 23. Qg3 Bxf6 (23... Qd8 $11) 24. exf6+ $16 Kh7 25. Nf3 Nd7 {[%emt 0:03:30][%mdl 8192] [#]} (25... Qd8 $16) 26. Qh4 $2 ({Weaker is} 26. Ne5 Nxe5 27. fxe5 Ba6 $16) (26. Bxg6+ $1 fxg6 27. Ng5+ $1 (27. Nh4 $2 Rg8 $19) 27... Kg8 28. Nxe6) 26... Kg8 $2 (26... Nf8 {keeps fighting.} 27. Ne5 Kg8) 27. f5 $18 exf5 28. Bxf5 $2 Nf8 $2 (28... gxf5 $14 29. Ne5 Nf8) 29. Bxc8 Rxc8 30. Rde1 {[%emt 0:00:04] Against Re8} c5 (30... Qd6 $142 31. Ne5 Rh7) 31. Re7 Qd6 32. dxc5 (32. Ne5 $18 {and White stays clearly on top.} Rh7 33. dxc5 Rxc5 34. Nc4) 32... Rxc5 $16 33. Nd4 $40 {[%emt 0:04:23][%mdl 128] Prevents Rf5. White has some attack.} (33. Qd4 $1 $16 Qxd4+ 34. Nxd4) 33... Rd5 ({Black should try} 33... Rc4 $14 34. Rd1 Rc5) 34. Re4 {[%emt 0:01:14] 0x0.001c1415cf9bdp-1022s more active pieces.} (34. Nc2 $1 $16) 34... Qc5 {[%emt 0:01:15] aiming for ...Ne6.} 35. Kh1 Qc4 36. Qf4 {[%emt 0:02:40][%cal Od4f5] Black must now prevent Nf5!} Qxa2 $2 (36... g5 $11 37. Qf2 Ng6) 37. Re8 $18 {[%emt 0:00:33][%cal Oe8f8] Threatening mate with Rxf8+!} Kh7 38. b3 {[%emt 0:02:06][%cal Of4c7] Qc7! would kill now.} Qb2 {[%emt 0:01:06] [#]} 39. Qc7 $4 Nd7 $4 (39... Rd7 $19 40. Qc8 Qxd4) 40. Rxh8+ {[%emt 0:00:54] White mates.} Kxh8 41. Qd8+ Kh7 {[%emt 0:00:13] [#]} 42. Qe8 $1 Nxf6 (42... Qxg2+ 43. Kxg2) 43. Qxf7+ Kh8 44. Qxf6+ {[%emt 0:00:12] Weighted Error Value: White=0.82/Black=0.62} 1-0